 Dungeon Crawl Stone Soup version 0.24-a0-84-g25a2d9f (webtiles) character file.

Game seed: 10755259645290142289

716 robertstho the Thaumaturge (level 7, 0/36 HPs)
             Began as a Deep Elf Air Elementalist on Feb 7, 2019.
             Slain by an ogre
             ... wielding a +0 giant spiked club
              (12 damage)
             ... on level 4 of the Dungeon.
             The game lasted 00:15:41 (5633 turns).

robertstho the Thaumaturge (DEAE)                   Turns: 5633, Time: 00:15:42

Health: 0/36       AC:  9    Str:  5    XL:     7   Next: 41%
Magic:  3/21       EV: 13    Int: 22    God:
Gold:   249        SH:  0    Dex: 15    Spells: 8/23 levels left

rFire    . . .     SeeInvis .   l - +2 quarterstaff (chaos)
rCold    . . .     Gourm    .   (shield currently unavailable)
rNeg     . . .     Faith    .   a - +0 robe
rPois    .         Spirit   .   w - +2 helmet
rElec    .         Reflect  .   p - +0 cloak
rCorr    .         Harm     .   h - +1 pair of gloves
MR       .....                  i - +0 pair of boots
Stlth    ++........             (no amulet)
HPRegen  0.12/turn              (no ring)
MPRegen  0.17/turn              (no ring)

@: no status effects
A: no striking features
a: no special abilities


You were on level 4 of the Dungeon.
You were very hungry.

You visited 1 branch of the dungeon, and saw 5 of its levels.

You collected 249 gold pieces.

Inventory:

Hand Weapons
 j - a +0 dagger
 k - a +0 spear
 l - a +2 quarterstaff of chaos (weapon)
 x - a +0 spear of venom
Missiles
 b - 7 silver javelins (quivered)
Armour
 a - a +0 robe (worn)
 h - a +1 pair of gloves (worn)
 i - a +0 pair of boots (worn)
 p - a +0 cloak (worn)
 w - a +2 helmet (worn)
Jewellery
 q - an uncursed ring of flight
Scrolls
 d - 6 scrolls of amnesia {unknown}
 e - a scroll of teleportation {unknown}
 g - 2 scrolls of identify
 m - 2 scrolls of enchant weapon
 r - 2 scrolls of remove curse
 t - a scroll of immolation {unknown}
Potions
 f - 2 potions of curing
 n - 2 potions of agility
 o - 2 potions of mutation
 s - a potion of heal wounds {unknown}
 u - a potion of resistance {unknown}
 v - a potion of lignification
 z - a potion of haste {unknown}
Comestibles
 c - 12 rations


   Skills:
 + Level 0.1 Fighting
 + Level 0.6(0.7) Staves
 + Level 2.7 Dodging
 + Level 3.0 Stealth
 * Level 8.9 Spellcasting
 + Level 2.3 Conjurations
 + Level 5.1 Air Magic


You had 8 spell levels left.
You knew the following spells:

 Your Spells              Type           Power        Failure   Level  Hunger
a - Shock                 Conj/Air       ####         1%          1    None
b - Swiftness             Chrm/Air       ###.....     3%          2    None
c - Static Discharge      Conj/Air       ####....     4%          3    None
d - Airstrike             Air            ####......   9%          4    ##.....
e - Lightning Bolt        Conj/Air       ####......   38%         5    #####..

Your spell library contained the following spells:

 Spells                   Type           Power        Failure   Level  Hunger


Dungeon Overview and Level Annotations

Branches:
Dungeon (5/15)
 Temple: D:4-7

Altars:
Uskayaw


Message History

Casting: Airstrike (safe; 9% risk of failure)
Confirm with . or Enter, or press ? or * to list all spells.
You don't have enough magic to cast that spell.
The ogre hits you with a +0 giant spiked club!
The phantom blinks!
Casting: Airstrike (safe; 9% risk of failure)
Confirm with . or Enter, or press ? or * to list all spells.
Aiming: Shock (safe; 1% risk of failure)
Press: ? - help, Shift-Dir - straight line, f/p - ogre
Aim: an ogre, wielding a +0 giant spiked club (severely wounded)
The zap hits the ogre!
The ogre is almost dead.
The ogre hits you with a +0 giant spiked club!!
Ouch! That really hurt!
* * * LOW HITPOINT WARNING * * *
The phantom blinks!
The phantom blinks!
You feel better.
The ogre hits you with a +0 giant spiked club!
You die...

.#.....#....)'..)................
.#.....#.....#...................
.#.....#.....#...................
.#.....#.....#........)..........
.#.....#....##.......##..........
.#.....#....##.......##....##.###
.#.....#....#....(...##'#########
.#.....#....#........>...........
.#.....#....#...@O...............
.#.....#....##.......##...§......
.#.....#....##..W....##..........
.#.....#....'.................##.
.#.....#....#........##.......##.
.#.....#....#........##.......##.
.#.....#....#........§.........+.
.#.....#....##.......##........#.
.#.....#....##.......##........#.


You could see a phantom and an ogre.

Vanquished Creatures
  An ogre (D:2)
  A phantom (D:4)
  Crazy Yiuf (D:3)
  A hound (D:4)
  An orc wizard (D:3)
  A bullfrog skeleton (D:4)
  4 worker ants (D:4)
  12 gnolls
  11 adders
  A howler monkey skeleton (D:4)
  3 oozes
  A worm (D:2)
  2 dart slugs
  A leopard gecko (D:1)
  9 orcs
  A ball python (D:4)
  12 bats
  A giant cockroach (D:1)
  11 hobgoblins
  10 jackals
  4 goblins
  8 kobolds
  16 rats
113 creatures vanquished.

Notes
Turn   | Place    | Note
-------+----------+-------------------------------------------
     0 | D:1      | robertstho the Deep Elf Air Elementalist began the quest
                  | for the Orb.
     0 | D:1      | Reached XP level 1. HP: 10/10 MP: 6/6
   151 | D:1      | Reached XP level 2. HP: 15/15 MP: 0/8
   155 | D:1      | Learned a level 2 spell: Swiftness
  1047 | D:1      | Reached XP level 3. HP: 19/19 MP: 7/10
  1458 | D:2      | Reached skill level 4 in Spellcasting
  1905 | D:2      | Reached XP level 4. HP: 15/24 MP: 2/12
  2264 | D:2      | Learned a level 3 spell: Static Discharge
  2269 | D:2      | Learned a level 4 spell: Airstrike
  2394 | D:2      | Reached skill level 5 in Spellcasting
  2507 | D:2      | Noticed an ogre
  2516 | D:2      | Killed an ogre
  2516 | D:2      | Reached XP level 5. HP: 28/28 MP: 0/15
  2629 | D:2      | Learned a level 5 spell: Lightning Bolt
  2828 | D:3      | Reached skill level 6 in Spellcasting
  3323 | D:3      | Reached XP level 6. HP: 25/32 MP: 2/17
  3804 | D:3      | Found a runed translucent door.
  3805 | D:3      | Noticed Crazy Yiuf
  3811 | D:3      | Killed Crazy Yiuf
  3811 | D:3      | Reached skill level 7 in Spellcasting
  4673 | D:4      | Reached skill level 5 in Air Magic
  4696 | D:4      | Reached XP level 7. HP: 34/36 MP: 0/20
  4930 | D:4      | Reached skill level 8 in Spellcasting
  5055 | D:4      | Found a hide-covered altar of Uskayaw.
  5618 | D:5      | Entered Level 5 of the Dungeon
  5628 | D:4      | HP: 1/36 [ogre/+0 giant spiked club (24)]
  5633 | D:4      | Slain by an ogre

Levels and vault maps discovered:

Skill      XL: |  1  2  3  4  5  6  7 |
---------------+----------------------+-----
Spellcasting   | 4 5 6 7 8 |  8.9
Air Magic      | 4 5 |  5.1
Stealth        | 3 |  3.0
Conjurations   | 2 |  2.3
Fighting       | |  0.1
Staves         | |  0.6
Dodging        | |  2.7

Action                   |  1- 3 |  4- 6 |  7- 9 || total
-------------------------+-------+-------+-------++-------
Melee: Unarmed           |    14 |       |       ||    14
       Spear             |       |    17 |     7 ||    24
       Quarterstaff      |       |     2 |     9 ||    11
 Cast: Shock             |    94 |    87 |    16 ||   197
       Airstrike         |       |    33 |    13 ||    46
       Static Discharge  |       |       |     1 ||     1
  Use: Scroll            |       |       |     7 ||     7
       Potion            |       |       |     1 ||     1
  Eat: Chunk             |     2 |    13 |     3 ||    18
Armor: Robe              |     3 |    15 |     6 ||    24
Dodge: Dodged            |    18 |    24 |    16 ||    58

Table legend:
 A = Non-vault XP
 B = Vault XP
 C = Vault XP percentage of total XP
 D = Non-vault monster count
 E = Vault monster count
 F = Vault count percentage of total count
                 A         B        C        D         E       F
            +---------+---------+-------+---------+---------+-------
      Total |     975 |      49 |   4.8 |     110 |       3 |   2.7
            +---------+---------+-------+---------+---------+-------
        D:1 |      45 |       5 |  10.0 |      26 |       2 |   7.1
        D:2 |     242 |       0 |   0.0 |      23 |       0 |   0.0
        D:3 |     158 |      44 |  21.8 |      36 |       1 |   2.7
        D:4 |     530 |       0 |   0.0 |      25 |       0 |   0.0
            +---------+---------+-------+---------+---------+-------
